SA
WALLA WALLA WALLEYE @ ATHLETIC CLUB KC U-21
06/02/2029
 
TOP OF THE 1ST
Walla Walla Walleye batting - Pitching for Athletic Club KC U-21 : RHP Lester Roadley
Pitching: RHP Lester Roadley
Batting: RHB Rex Criscuolo 0-0: Called Strike
0-1: Ball
1-1: Ball
2-1: Swinging Strike
2-2: Foul Ball, location: 2F
2-2: Ground out 5-3 (Groundball, 56S)
Batting: LHB Johan Kroening 0-0: Called Strike
0-1: Foul Ball, location: 2F
0-2: Strikes out swinging
Batting: RHB Ramón Yniguez 0-0: SINGLE (Groundball, 4D)
Batting: RHB Luis Delvalle 0-0: Ground out 1-3 (Groundball, 13)
Top of the 1st over - 0 runs, 1 hit, 0 errors, 1 left on base; Walla Walla 0 - Athletic Club KC 0
BOTTOM OF THE 1ST
Athletic Club KC U-21 batting - Pitching for Walla Walla Walleye : RHP Júlio Valenzuela
Pitching: RHP Júlio Valenzuela
Batting: LHB José Antonio Mireles 0-0: Called Strike
0-1: Called Strike
0-2: Ball
1-2: Ground out 4-3 (Groundball, 4)
Batting: RHB Leonardo Hernández 0-0: Ball
1-0: Fly out, F8 (Flyball, 78D)
Batting: RHB José Hernández 0-0: Swinging Strike
0-1: Swinging Strike
0-2: Foul Ball, location: 2F
0-2: Foul Ball, location: 2F
0-2: Foul Ball, location: 2F
0-2: Ball
1-2: Strikes out looking
Bottom of the 1st over - 0 runs, 0 hits, 0 errors, 0 left on base; Walla Walla 0 - Athletic Club KC 0
TOP OF THE 2ND
Walla Walla Walleye batting - Pitching for Athletic Club KC U-21 : RHP Lester Roadley
Batting: RHB Héctor Espiga 0-0: Called Strike
0-1: Ball
1-1: Swinging Strike
1-2: Ball
2-2: Strikes out swinging
Batting: RHB Harunobu Matsushita 0-0: Ball
1-0: Foul Ball, location: 2F
1-1: Called Strike
1-2: Foul Ball, location: 2F
1-2: Ball
2-2: Ball
3-2: Foul Ball, location: 2F
3-2: Foul Ball, location: 2F
3-2: Foul Ball, location: 2F
3-2: Fly out, F7 (Flyball, 7LMF)
Batting: RHB Shuichi Saito 0-0: Called Strike
0-1: Foul Ball, location: 2F
0-2: Foul Ball, location: 2F
0-2: Ball
1-2: Strikes out swinging
Top of the 2nd over - 0 runs, 0 hits, 0 errors, 0 left on base; Walla Walla 0 - Athletic Club KC 0
BOTTOM OF THE 2ND
Athletic Club KC U-21 batting - Pitching for Walla Walla Walleye : RHP Júlio Valenzuela
Batting: LHB Miguel Vásquez 0-0: Ball
1-0: Ball
2-0: Swinging Strike
2-1: Ball
3-1: Foul Ball, location: 2F
3-2: Ground out 1-3 (Groundball, 15S)
Batting: RHB Ted Hansen 0-0: Ball
1-0: Ball
2-0: Called Strike
2-1: Foul Ball, location: 2F
2-2: Ground out 6-3 (Groundball, 6)
Batting: RHB Francisco Vigil 0-0: Ground out 6-3 (Groundball, 6D)
Bottom of the 2nd over - 0 runs, 0 hits, 0 errors, 0 left on base; Walla Walla 0 - Athletic Club KC 0
TOP OF THE 3RD
Walla Walla Walleye batting - Pitching for Athletic Club KC U-21 : RHP Lester Roadley
Batting: RHB José de la Cavallería 0-0: Foul Ball, location: 2F
0-1: Ball
1-1: Foul Ball, location: 2F
1-2: Foul Ball, location: 2F
1-2: Ball
2-2: Ball
3-2: Foul Ball, location: 2F
3-2: Foul Ball, location: 2F
3-2: Foul Ball, location: 2F
3-2: Strikes out swinging
Batting: LHB Mo Eayrs 0-0: Ball
1-0: Foul Ball, location: 2F
1-1: Ball
2-1: Ball
3-1: Called Strike
3-2: Fly out, F5 (Line Drive, 5S)
Batting: RHB Rex Criscuolo 0-0: Ball
1-0: Called Strike
1-1: Ground out 3-1 (Groundball, 34)
Top of the 3rd over - 0 runs, 0 hits, 0 errors, 0 left on base; Walla Walla 0 - Athletic Club KC 0
BOTTOM OF THE 3RD
Athletic Club KC U-21 batting - Pitching for Walla Walla Walleye : RHP Júlio Valenzuela
Batting: RHB Bing-zhong Wu 0-0: Ball
1-0: Called Strike
1-1: Fly out, F8 (Flyball, 8RM)
Batting: RHB José Torres 0-0: Fly out, F7 (Flyball, 78D)
Batting: SHB José García 0-0: Fly out, F8 (Flyball, 8LM)
Bottom of the 3rd over - 0 runs, 0 hits, 0 errors, 0 left on base; Walla Walla 0 - Athletic Club KC 0
TOP OF THE 4TH
Walla Walla Walleye batting - Pitching for Athletic Club KC U-21 : RHP Lester Roadley
Batting: LHB Johan Kroening 0-0: Ball
1-0: Ball
2-0: Called Strike
2-1: Ball
3-1: Called Strike
3-2: Foul Ball, location: 2F
3-2: Strikes out looking
Batting: RHB Ramón Yniguez 0-0: Ball
1-0: Fly out, F8 (Line Drive, 8LD)
Batting: RHB Luis Delvalle 0-0: Called Strike
0-1: Called Strike
0-2: Strikes out swinging
Top of the 4th over - 0 runs, 0 hits, 0 errors, 0 left on base; Walla Walla 0 - Athletic Club KC 0
BOTTOM OF THE 4TH
Athletic Club KC U-21 batting - Pitching for Walla Walla Walleye : RHP Júlio Valenzuela
Batting: LHB José Antonio Mireles 0-0: Called Strike
0-1: Ground out 5-3 (Groundball, 56D)
Batting: RHB Leonardo Hernández 0-0: Ground out 6-3 (Groundball, 6)
Batting: RHB José Hernández 0-0: Fly out, F9 (Flyball, 9)
Bottom of the 4th over - 0 runs, 0 hits, 0 errors, 0 left on base; Walla Walla 0 - Athletic Club KC 0
TOP OF THE 5TH
Walla Walla Walleye batting - Pitching for Athletic Club KC U-21 : RHP Lester Roadley
Batting: RHB Héctor Espiga 0-0: Ball
1-0: Ground out 1-3 (Groundball, 15)
Batting: RHB Harunobu Matsushita 0-0: DOUBLE (Line Drive, 7D)
Batting: RHB Shuichi Saito 0-0: Intentional Walk
Batting: RHB José de la Cavallería 0-0: Ball
1-0: Foul Ball, location: 2F
1-1: Ball
2-1: Ball
3-1: Called Strike
3-2: Strikes out swinging
Harunobu Matsushita is caught stealing 3rd base
Batter strikes out.
Top of the 5th over - 0 runs, 1 hit, 0 errors, 1 left on base; Walla Walla 0 - Athletic Club KC 0
BOTTOM OF THE 5TH
Athletic Club KC U-21 batting - Pitching for Walla Walla Walleye : RHP Júlio Valenzuela
Batting: LHB Miguel Vásquez 0-0: Called Strike
0-1: Foul Ball, location: 2F
0-2: Ball
1-2: Ball
2-2: Fly out, F7 (Flyball, 78S)
Batting: RHB Ted Hansen 0-0: Called Strike
0-1: Ball
1-1: Foul Ball, location: 2F
1-2: Foul Ball, location: 2F
1-2: SINGLE (Groundball, 4MD)
Batting: RHB Francisco Vigil 0-0: Swinging Strike
0-1: Ball
1-1: Called Strike
1-2: Foul Ball, location: 2F
1-2: Foul Ball, location: 2F
1-2: Foul Ball, location: 2F
1-2: 2-RUN HOME RUN (Flyball, 7LD), Distance : 363 ft
Batting: RHB Bing-zhong Wu 0-0: Ground out 5-3 (Groundball, 56S)
Batting: RHB José Torres 0-0: Ball
1-0: Called Strike
1-1: SINGLE (Groundball, 56D)
Batting: SHB José García 0-0: Ball
1-0: Foul Ball, location: 2F
1-1: Foul Ball, location: 2F
1-2: Ball
2-2: Ball
3-2: Foul Ball, location: 2F
3-2: Foul Ball, location: 2F
3-2: Foul Ball, location: 2F
3-2: Foul Ball, location: 2F
3-2: Foul Ball, location: 2F
3-2: Strikes out swinging
Bottom of the 5th over - 2 runs, 3 hits, 0 errors, 1 left on base; Walla Walla 0 - Athletic Club KC 2
TOP OF THE 6TH
Walla Walla Walleye batting - Pitching for Athletic Club KC U-21 : RHP Lester Roadley
Batting: LHB Mo Eayrs 0-0: Ball
1-0: SINGLE (Groundball, 6MD)
Batting: RHB Rex Criscuolo 0-0: Called Strike
0-1: Ball
1-1: Sac Bunt - play at first, batter OUT! 5-3
Mo Eayrs to second
Batting: LHB Johan Kroening 0-0: Ball
1-0: Ball
2-0: Swinging Strike
2-1: Called Strike
2-2: Ball
3-2: Foul Ball, location: 2F
3-2: Strikes out swinging
Batting: RHB Ramón Yniguez 0-0: Ball
1-0: Called Strike
1-1: Swinging Strike
1-2: Foul Ball, location: 2F
1-2: Strikes out looking
Top of the 6th over - 0 runs, 1 hit, 0 errors, 1 left on base; Walla Walla 0 - Athletic Club KC 2
BOTTOM OF THE 6TH
Athletic Club KC U-21 batting - Pitching for Walla Walla Walleye : RHP Júlio Valenzuela
Batting: LHB José Antonio Mireles 0-0: Called Strike
0-1: Ball
1-1: Ball
2-1: Foul Ball, location: 2F
2-2: SINGLE (Groundball, 2R) (infield hit)
Batting: RHB Leonardo Hernández 0-0: Ball
1-0: Called Strike
1-1: Grounds into double play, 5-4-3 (Groundball, 5)
Batting: RHB José Hernández 0-0: Ball
1-0: SINGLE (Line Drive, 6MD)
Batting: LHB Miguel Vásquez 0-0: Called Strike
0-1: Foul Ball, location: 2F
0-2: Ball
1-2: Foul Ball, location: 2F
1-2: DOUBLE (Groundball, 5L)
José Hernández to third
Runner from 3rd tries for Home, SAFE, no throw
Batting: RHB Ted Hansen 0-0: Foul Ball, location: 2F
0-1: SINGLE (Line Drive, 56)
Miguel Vásquez to third
Batting: RHB Francisco Vigil 0-0: Ball
1-0: Called Strike
1-1: Ground out 1-3 (Groundball, 13S)
Bottom of the 6th over - 1 run, 4 hits, 0 errors, 2 left on base; Walla Walla 0 - Athletic Club KC 3
TOP OF THE 7TH
Walla Walla Walleye batting - Pitching for Athletic Club KC U-21 : RHP Lester Roadley
Pitching: LHP Dave Parkinson
Batting: RHB Luis Delvalle 0-0: Foul Ball, location: 2F
0-1: Ball
1-1: Called Strike
1-2: Ball
2-2: Foul Ball, location: 2F
2-2: Foul Ball, location: 2F
2-2: Strikes out swinging
Batting: RHB Héctor Espiga 0-0: Called Strike
0-1: Ball
1-1: Ball
2-1: Swinging Strike
2-2: Foul Ball, location: 2F
2-2: Ball
3-2: DOUBLE (Line Drive, 89D)
Batting: RHB Harunobu Matsushita 0-0: Called Strike
0-1: Ball
1-1: Foul Ball, location: 2F
1-2: Strikes out swinging
Batting: RHB Shuichi Saito 0-0: Ball
1-0: Foul Ball, location: 2F
1-1: Ball
2-1: Ball
3-1: Base on Balls
Batting: RHB José de la Cavallería 0-0: Ball
1-0: Foul Ball, location: 2F
1-1: Swinging Strike
1-2: Strikes out looking
Top of the 7th over - 0 runs, 1 hit, 0 errors, 2 left on base; Walla Walla 0 - Athletic Club KC 3
BOTTOM OF THE 7TH
Athletic Club KC U-21 batting - Pitching for Walla Walla Walleye : RHP Júlio Valenzuela
Batting: RHB Bing-zhong Wu 0-0: Called Strike
0-1: Foul Ball, location: 2F
0-2: Fly out, F6 (Line Drive, 6M)
Batting: RHB José Torres 0-0: Ball
1-0: Ball
2-0: Ball
3-0: Base on Balls
Batting: SHB José García 0-0: Ball
1-0: Foul Ball, location: 2F
1-1: Foul Ball, location: 2F
1-2: Foul Ball, location: 2F
1-2: Strikes out swinging
Batting: LHB José Antonio Mireles 0-0: Foul Ball, location: 2F
0-1: Ball
1-1: Foul Ball, location: 2F
1-2: Foul Ball, location: 2F
1-2: Ball
2-2: Ball
3-2: Base on Balls
José Torres to second
Pitching: RHP Peer Akerboom
Batting: RHB Leonardo Hernández 0-0: Ball
1-0: Ball
2-0: Called Strike
2-1: Foul Ball, location: 2F
2-2: Fly out, F8 (Flyball, 78D)
Bottom of the 7th over - 0 runs, 0 hits, 0 errors, 2 left on base; Walla Walla 0 - Athletic Club KC 3
TOP OF THE 8TH
Walla Walla Walleye batting - Pitching for Athletic Club KC U-21 : LHP Dave Parkinson
Batting: LHB Mo Eayrs 0-0: Foul Ball, location: 2F
0-1: Ball
1-1: Foul Ball, location: 2F
1-2: Ball
2-2: Foul Ball, location: 2F
2-2: Foul Ball, location: 2F
2-2: Foul Ball, location: 2F
2-2: Strikes out looking
Batting: RHB Rex Criscuolo 0-0: Called Strike
0-1: Ball
1-1: Called Strike
1-2: Ball
2-2: Strikes out looking
Batting: LHB Johan Kroening 0-0: Called Strike
0-1: Ball
1-1: Foul Ball, location: 2F
1-2: Ball
2-2: Strikes out swinging
Top of the 8th over - 0 runs, 0 hits, 0 errors, 0 left on base; Walla Walla 0 - Athletic Club KC 3
BOTTOM OF THE 8TH
Athletic Club KC U-21 batting - Pitching for Walla Walla Walleye : RHP Peer Akerboom
Batting: RHB José Hernández 0-0: Called Strike
0-1: Ball
1-1: Foul Ball, location: 2F
1-2: Ground out 5-3 (Groundball, 56)
Batting: LHB Miguel Vásquez 0-0: Called Strike
0-1: Ball
1-1: Called Strike
1-2: Strikes out swinging
Batting: RHB Ted Hansen 0-0: Ball
1-0: Foul Ball, location: 2F
1-1: Ball
2-1: Swinging Strike
2-2: Strikes out swinging
Bottom of the 8th over - 0 runs, 0 hits, 0 errors, 0 left on base; Walla Walla 0 - Athletic Club KC 3
TOP OF THE 9TH
Walla Walla Walleye batting - Pitching for Athletic Club KC U-21 : LHP Dave Parkinson
Pitching: LHP Augusto Martínez
Batting: RHB Ramón Yniguez 0-0: Ball
1-0: DOUBLE (Line Drive, 8RD)
Batting: RHB Luis Delvalle 0-0: Ball
1-0: Called Strike
1-1: Ball
2-1: Foul Ball, location: 2F
2-2: Strikes out swinging
Batting: RHB Héctor Espiga 0-0: Foul Ball, location: 2F
0-1: Ball
1-1: DOUBLE (Line Drive, 78D)
Ramón Yniguez scores
Batting: RHB Harunobu Matsushita 0-0: Called Strike
0-1: Ball
1-1: Ball
2-1: Swinging Strike
2-2: Foul Ball, location: 2F
2-2: Ball
3-2: Foul Ball, location: 2F
3-2: Base on Balls
Batting: RHB Shuichi Saito 0-0: DOUBLE (Groundball, 5L)
Héctor Espiga scores
Harunobu Matsushita to third
Runner from 3rd tries for Home, SAFE, throw made at trailing runner, OUT at third!
Pinch Hitting: RHB Cody Jaeckel 0-0: Ball
1-0: Called Strike
1-1: Called Strike
1-2: Ball
2-2: Ball
3-2: Foul Ball, location: 2F
3-2: Foul Ball, location: 2F
3-2: Foul Ball, location: 2F
3-2: Strikes out swinging
Top of the 9th over - 3 runs, 3 hits, 0 errors, 0 left on base; Walla Walla 3 - Athletic Club KC 3
BOTTOM OF THE 9TH
Athletic Club KC U-21 batting - Pitching for Walla Walla Walleye : RHP Peer Akerboom
Now at 3B: Leonardo Medina
Batting: RHB Francisco Vigil 0-0: Swinging Strike
0-1: Ball
1-1: Called Strike
1-2: Foul Ball, location: 2F
1-2: Strikes out looking
Batting: RHB Bing-zhong Wu 0-0: Ball
1-0: Foul Ball, location: 2F
1-1: Swinging Strike
1-2: SINGLE (Groundball, 34) (infield hit)
Batting: RHB José Torres 0-0: Ball
1-0: Called Strike
1-1: Ball
2-1: Foul Ball, location: 2F
2-2: Strikes out swinging
Batting: SHB José García 0-0: Called Strike
0-1: Foul Ball, location: 2F
0-2: Ball
1-2: Strikes out looking
Bottom of the 9th over - 0 runs, 1 hit, 0 errors, 1 left on base; Walla Walla 3 - Athletic Club KC 3
TOP OF THE 10TH
Walla Walla Walleye batting - Pitching for Athletic Club KC U-21 : LHP Augusto Martínez
Pitching: RHP Tetsunori Ikarashi
Pinch Hitting: SHB Raúl Mateo 0-0: Ball
1-0: Fly out, F9 (Line Drive, 89M)
Batting: RHB Rex Criscuolo 0-0: Ball
1-0: Called Strike
1-1: Ball
2-1: Swinging Strike
2-2: SINGLE (Groundball, 6) (infield hit)
Batting: LHB Johan Kroening 0-0: SINGLE (Line Drive, 3L)
Rex Criscuolo to second
Pinch Runner at 2nd Bobby Ochs:
Batting: RHB Ramón Yniguez 0-0: Ball
1-0: Ball
2-0: Called Strike
2-1: Grounds into double play, 6-4-3 (Groundball, 6)
Top of the 10th over - 0 runs, 2 hits, 0 errors, 1 left on base; Walla Walla 3 - Athletic Club KC 3
BOTTOM OF THE 10TH
Athletic Club KC U-21 batting - Pitching for Walla Walla Walleye : RHP Peer Akerboom
Now at SS: Raúl Mateo
Now in CF: Bobby Ochs
Batting: LHB José Antonio Mireles 0-0: Ball
1-0: Ground out 6-3 (Groundball, 6)
Batting: RHB Leonardo Hernández 0-0: SINGLE (Groundball, 6MD)
Batting: RHB José Hernández 0-0: Ball
1-0: Ball
2-0: SINGLE (Flyball, 9LS)
Leonardo Hernández to second
Runner from 2nd tries for 3rd, SAFE, no throw
Batting: LHB Miguel Vásquez 0-0: Called Strike
0-1: Ball
1-1: Called Strike
1-2: Foul Ball, location: 2F
1-2: Reached on error, E6 (Groundball, 56)
Leonardo Hernández scores
Tuesday, December 19th, 2017 - OOTP Baseball 18.8 Build 76